 Dungeon Crawl Stone Soup version 0.31-a0-227-ga22c3bf811 (webtiles) character file.

Game seed: 15003406135853814422

42 Kasper the Trooper (level 3, 0/33 HPs)
             Began as a Hill Orc Fighter on July 6, 2023.
             Slain by an adder (2 damage)
             ... on level 2 of the Dungeon.
             The game lasted 00:06:29 (776 turns).

Kasper the Trooper (Hill Orc Fighter)                Turns: 776, Time: 00:06:29

Health: 0/33       AC:  9    Str: 20    XL:     3   Next: 56%
Magic:  3/3        EV:  7    Int:  8    God:
Gold:   62         SH:  4    Dex: 10    Spells: 2/2 levels left

rFire   . . .        j - +0 war axe
rCold   . . .        c - +0 buckler
rNeg    . . .        h - +0 chain mail
rPois   .            (no helmet)
rElec   .            (no cloak)
rCorr   .            (no gloves)
SInv    .            (no boots)
Will    .....        (no amulet) Stlth
                     (no ring)
HPRegen 0.25/turn    (no ring)
MPRegen 0.08/turn

%: no passive effects
@: lethally poisoned (0 -> -3)
A: no striking features
a: no special abilities


You were on level 2 of the Dungeon.
You visited 1 branch of the dungeon, and saw 2 of its levels.

You collected 62 gold pieces.

Inventory:

Hand Weapons
 j - a +0 war axe (weapon)
Armour
 b - a +0 scale mail
 c - a +0 buckler (worn)
 h - a +0 chain mail (worn)
Magical Staves
 i - a staff of poison
Scrolls
 e - a scroll of teleportation {unknown}
 k - a scroll of fear {unknown}
Potions
 d - a potion of might


   Skills:
 + Level 4.0 Fighting
 + Level 3.6 Axes
 + Level 3.6 Armour
 + Level 3.8 Shields


You had 2 spell levels left.
You didn't know any spells.
Your spell library was empty.

Dungeon Overview and Level Annotations

Branches:
Dungeon (2/15)

Altars:

Shops:
D:1 (


Message History

You miss the adder.
You feel sick. You block the adder's attack.
The adder bites you but does no damage. The adder bites you.
You are more poisoned.
The adder poisons you!
You closely miss the adder.
The adder is almost dead.
You closely miss the adder.
You feel very sick. The adder bites you but does no damage.
You block the adder's attack. The adder bites you.
You miss the adder.
The adder is severely wounded.
You barely miss the adder.
You feel sick. You block the adder's attack.
The adder bites you but does no damage. The adder bites you.
The adder bites you but does no damage.
You hit the adder.
The adder is almost dead.
You hit the adder.
You feel sick. The adder closely misses you. x2
The adder bites you but does no damage.
You miss the adder.
The adder is almost dead.
You closely miss the adder.
You feel sick. The adder bites you but does no damage.
The adder barely misses you. The adder bites you.
* * * LOW HITPOINT WARNING * * *
You are lethally poisoned!
The adder poisons you!
You closely miss the adder.
The adder is almost dead.
You closely miss the adder.
* * * LOW HITPOINT WARNING * * *
You feel very sick.
The adder bites you but does no damage. x2; You block the adder's attack.
The adder barely misses you.
You slash the adder!
You kill the adder!
You hit the adder.
* * * LOW HITPOINT WARNING * * *
You feel sick. You block the adder's attack. The adder bites you.
You die...

# .# #. .# #.#
..## ... ..... .
#.######...#.
.[.#............
.......†.S......
#...<@†....!.
#.####.......
.#..... .. ....
.#. .#. .... ..
.# .. . .# ###


You could see an adder.

Vanquished Creatures
  2 adders (D:2)
  2 dart slugs (D:1)
  A ball python (D:1)
  2 bats (D:1)
  2 endoplasms (D:1)
  2 goblins (D:1)
  3 hobgoblins (D:1)
  3 jackals (D:1)
  3 kobolds (D:1)
  A quokka (D:1)
  2 frilled lizards
  5 rats
28 creatures vanquished.

Notes
Turn   | Place    | Note
-------+----------+-------------------------------------------
     0 | D:1      | Kasper the Hill Orc Fighter began the quest for the Orb.
     0 | D:1      | Reached XP level 1. HP: 19/19 MP: 1/1
    64 | D:1      | Found Iteopic's Weapon Boutique.
   118 | D:1      | Reached XP level 2. HP: 24/27 MP: 2/2
   133 | D:1      | Found a faded altar of an unknown god.
   180 | D:1      | Reached skill level 4 in Fighting
   251 | D:1      | Reached XP level 3. HP: 32/33 MP: 3/3
   776 | D:2      | Slain by an adder

Illustrated notes

Levels and vault maps discovered:
D:1:      nicolae_arrival_washed_ashore, layout_basic,
          hellmonk_ecumenical_altar_leap_of_faith, serial_shops,
          nicolae_shop_real_fake_doors
D:2:      layout_loops_cross, uniq_natasha

Skill      XL: |  1  2 |
---------------+-------+-----
Fighting       | 4 |  4.0
Axes           | 3 |  3.6
Armour         | |  3.6
Shields        | |  3.8

Action                     || total
---------------------------++-------
  Melee: War axe           ||    69
         Dagger            ||     6
 Armour: Scale mail        ||    29
         Chain mail        ||    26
  Dodge: Dodged            ||    50
  Block: Buckler           ||    25

Table legend: (Time is in decaauts)
 A = Elapsed time spent in this place.
 B = Non-inter-level travel time spent in this place.
 C = Inter-level travel time spent in this place.
 D = Time resting spent in this place.
 E = Time spent auto-exploring this place.
 F = Levels seen in this place.
 G = Mean time per level.
                   A        B        C        D        E       F      G
               +--------+--------+--------+--------+--------+-----+--------+
         Total |    800 |    694 |    106 |      0 |    396 |   2 |  400.0 |
       Dungeon |    800 |    694 |    106 |      0 |    396 |   2 |  400.0 |
               +--------+--------+--------+--------+--------+-----+--------+

Top non-repeatable levels by time:
     D:1: 776 daAuts
     D:2: 23 daAuts
